Map: Submarine LE

Players

TLO - Winner!

  • Race: Zerg Zerg
  • League: Master
  • Spawn Location: 5:00

MaSa

  • Race: Terran Terran
  • League: Master
  • Spawn Location: 11:00

Event: DreamHack SC2 Masters 2020 Winter

VOD

Have the link to the VOD?

Description

Time

  • Played on: Oct. 30, 2020, 6:03 p.m.
  • Length: 4:45

All games in this series

Show
View Real Time Build Order
Export as new Build Order

TLO Zerg - Winner!

Build Orders: Pool Only, Ravager All-In 

Get SALT Encoding   

  12  0:16  Spawning Pool  
  11  0:22  Drone  
  11  0:26  Drone  
  13  0:31  Drone  
  14  0:35  Extractor  
  14  0:38  Drone  
  14  0:40  Extractor  
  13  0:51  Drone  
  14  1:04  Roach Warren  
  13  1:05  Zergling x2  
  14  1:15  Overlord  
  14  1:43  Roach x2  
  18  1:48  Roach  
  20  2:05  Ravager x2  
  20  2:08  Overlord  
  22  2:27  Ravager  
  22  2:28  Roach  
  25  2:33  Roach  
  27  2:45  Roach  
  26  2:59  Overlord  
  26  3:11  Roach  
  27  3:20  Ravager  
  27  3:24  Roach  
  27  3:28  Ravager  
  30  3:34  Ravager x2  
  30  3:43  Roach  
  29  3:58  Roach  
  29  3:59  Ravager  
  32  4:16  Roach  
  31  4:17  Ravager  
  29  4:25  Roach  
  31  4:42  Ravager x2  
Show
View Real Time Build Order
Export as new Build Order

MaSa Terran 

Build Orders:  

Get SALT Encoding   

  12  0:00  SCV  
  13  0:12  SCV  
  14  0:19  Supply Depot  
  14  0:24  SCV  
  15  0:40  SCV  
  15  0:41  Barracks  
  16  0:44  Refinery  
  16  0:52  SCV  
  17  0:59  Barracks  
  17  1:04  SCV  
  18  1:16  SCV  
  19  1:28  Orbital Command, Reaper  
  20  1:33  Barracks  
  20  1:38  Refinery  
  20  1:46  Reaper  
  21  1:50  Supply Depot  
  21  1:55  SCV  
  22  2:03  Reaper  
  23  2:13  SCV  
  24  2:18  Supply Depot, Reaper  
  25  2:24  Reaper  
  25  2:25  SCV  
  25  2:26  Supply Depot  
  27  2:38  Reaper  
  27  2:42  SCV  
  27  2:50  Reaper  
  27  2:56  SCV, Reaper  
  28  3:00  Supply Depot  
  28  3:08  SCV  
  28  3:11  Reaper  
  30  3:22  Reaper  
  29  3:30  SCV, Reaper  
  31  3:35  Command Center  
  31  3:48  Supply Depot  
  31  3:49  SCV  
  33  4:02  Reaper  
  26  4:19  SCV  
  26  4:22  Barracks  
  26  4:23  Barracks  
Tags
 
Add a new tag
Caveats
  • Supply blocks, unpowered buildings, or Contaminate may cause inaccurate times.
  • Supply counts are checked every 10 seconds.